Map: Dusk Towers

Players

Solasce

  • Race: Zerg Zerg
  • League: Diamond

BUSDRIVER - Winner!

  • Race: Protoss Protoss
  • League: Diamond

VOD

Have the link to the VOD?

Description

skytoss

Time

  • Played on: April 2, 2016, 5:50 p.m.
  • Length: 9:52
Show
View Real Time Build Order
Export as new Build Order

Solasce Zerg 

Build Orders: Hatch First 

Get SALT Encoding   

  12  0:02  Drone  
  13  0:14  Overlord  
  13  0:20  Drone  
  14  0:33  Drone x2  
  16  0:43  Drone  
  17  1:00  Hatchery  
  16  1:04  Drone x2  
  16  1:09  Drone  
  19  1:14  Extractor  
  18  1:21  Spawning Pool  
  17  1:26  Drone  
  18  1:37  Drone  
  19  1:48  Drone  
  20  1:55  Hatchery  
  19  2:04  Drone x2  
  21  2:18  Metabolic Boost  
  21  2:20  Queen  
  23  2:23  Drone x2  
  23  2:28  Drone  
  26  2:34  Drone x2  
  28  2:40  Overlord  
  28  2:58  Overlord  
  28  3:01  Drone  
  28  3:02  Drone x2  
  31  3:07  Drone, Queen  
  31  3:08  Drone x2  
  31  3:10  Queen  
  38  3:17  Overlord  
  38  3:20  Drone x2  
  40  3:41  Drone x7  
  44  3:42  Drone  
  48  3:49  Roach Warren  
  48  3:54  Drone  
  48  3:55  Drone x2  
  50  3:58  Overlord  
  50  4:13  Extractor x2  
  50  4:14  Drone x2  
  50  4:16  Overlord  
  50  4:17  Overlord  
  50  4:18  Drone x4  
  50  4:19  Drone x2  
  50  4:22  Extractor, Lair  
  55  4:24  Queen  
  55  4:28  Zergling x2  
  58  4:33  Overlord x3  
  58  4:34  Overlord  
  58  4:36  Zergling x2  
  58  4:37  Zergling x4  
  61  4:42  Drone x3  
  64  4:52  Drone x3  
  67  4:54  Drone x3  
  67  4:58  Extractor  
  67  4:59  Drone x3, Extractor  
  71  5:00  Drone  
  71  5:01  Drone  
  73  5:10  Drone x2, Evolution Chamber  
  73  5:11  Evolution Chamber  
  73  5:13  Drone x3  
  76  5:14  Drone  
  76  5:16  Drone  
  76  5:17  Pneumatized Carapace  
  78  5:28  Hydralisk Den  
  77  5:39  Zerg Missile Weapons Level 1  
  77  5:40  Zerg Ground Armor Level 1  
  77  5:41  Glial Reconstitution  
  77  5:46  Drone  
  78  5:50  Drone  
  78  5:56  Hydralisk x5  
  78  5:58  Hatchery  
  78  6:00  Roach x2  
  91  6:10  Spore Crawler  
  68  6:12  Spore Crawler  
  68  6:14  Spore Crawler  
  68  6:15  Spore Crawler x2  
  68  6:17  Spore Crawler  
  42  6:25  Drone  
  42  6:26  Drone x12  
  42  6:32  Hydralisk x2  
  44  6:59  Spore Crawler  
  44  7:00  Spore Crawler  
  42  7:02  Drone  
  42  7:03  Drone x6  
  49  7:11  Spore Crawler  
  49  7:12  Spore Crawler  
  49  7:13  Drone x3  
  50  7:16  Drone  
  50  7:17  Drone x2  
  53  7:24  Muscular Augments  
  53  7:30  Drone x4  
  53  7:31  Queen  
  53  7:32  Queen  
  63  7:45  Hydralisk  
  63  7:46  Hydralisk x4  
  71  7:56  Hydralisk x2  
  71  7:57  Hydralisk x3  
  79  8:23  Hydralisk x5  
  80  8:35  Hydralisk x2  
  80  8:39  Spore Crawler  
  83  9:08  Drone x2, Hatchery  
  84  9:10  Overlord x3  
  84  9:11  Overlord  
Show
View Real Time Build Order
Export as new Build Order

BUSDRIVER Protoss - Winner!

Build Orders: 1 Gate Expand 

Get SALT Encoding   

  12  0:01  Probe (Chrono Boost)  
  13  0:11  Probe (Chrono Boost)  
  14  0:22  Pylon, Probe (Chrono Boost)  
  15  0:40  Probe (Chrono Boost)  
  15  0:41  Gateway  
  16  0:51  Probe (Chrono Boost)  
  16  0:53  Assimilator  
  16  0:56  Assimilator  
  17  1:02  Probe (Chrono Boost)  
  18  1:12  Probe (Chrono Boost)  
  19  1:23  Probe (Chrono Boost)  
  20  1:31  Nexus  
  20  1:34  Probe (Chrono Boost)  
  21  1:49  Cybernetics Core  
  21  1:53  Probe (Chrono Boost)  
  22  2:00  Pylon  
  22  2:03  Probe (Chrono Boost)  
  23  2:18  Assimilator, Probe (Chrono Boost)  
  24  2:26  Stalker (Chrono Boost)  
  24  2:28  Probe (Chrono Boost)  
  27  2:38  Pylon  
  27  2:40  Probe  
  27  2:43  Probe  
  29  2:52  Probe  
  29  2:54  Probe  
  31  3:04  Probe  
  32  3:06  Probe  
  33  3:16  Probe  
  33  3:17  Mothership Core  
  33  3:18  Assimilator  
  36  3:22  Stargate  
  36  3:27  Probe  
  36  3:30  Pylon  
  37  3:35  Stargate  
  37  3:38  Probe  
  37  3:39  Stargate  
  38  3:52  Pylon  
  38  3:53  Probe  
  38  3:54  Probe  
  40  3:59  Forge  
  40  4:04  Probe  
  40  4:06  Probe, Oracle  
  45  4:17  Probe  
  45  4:19  Probe  
  45  4:20  Oracle  
  50  4:24  Oracle  
  50  4:28  Probe  
  50  4:31  Probe  
  55  4:38  Probe, Photon Cannon  
  56  4:48  Oracle (Chrono Boost)  
  56  4:51  Probe x2  
  60  4:59  Oracle (Chrono Boost)  
  64  5:00  Photon Cannon  
  64  5:03  Oracle (Chrono Boost)  
  67  5:12  Pylon  
  67  5:26  Pylon  
  75  5:38  Pylon  
  75  5:39  Void Ray (Chrono Boost)  
  75  5:40  Void Ray (Chrono Boost)  
  75  5:41  Pylon  
  75  5:49  Void Ray (Chrono Boost)  
  79  6:01  Photon Cannon  
  83  6:22  Void Ray (Chrono Boost)  
  83  6:35  Void Ray (Chrono Boost)  
  91  6:41  Void Ray (Chrono Boost)  
  91  6:48  Nexus  
  91  6:53  Pylon  
  91  6:56  Pylon  
  91  6:59  Photon Cannon  
  95  7:04  Photon Cannon  
  95  7:05  Void Ray (Chrono Boost)  
  99  7:24  Void Ray (Chrono Boost)  
  99  7:27  Warp Gate, Twilight Council  
  99  7:31  Gateway x2  
  99  7:34  Gateway  
  99  7:36  Pylon  
  103  7:37  Void Ray (Chrono Boost)  
  103  8:01  Probe  
  103  8:05  Assimilator  
  112  8:07  Void Ray x2 (Chrono Boost)  
  112  8:09  Assimilator  
  112  8:12  Probe  
  107  8:22  Probe  
  112  8:49  Void Ray (Chrono Boost)  
  112  8:51  Stalker  
  112  8:53  Templar Archives  
  112  8:54  Gateway, Void Ray x2 (Chrono Boost)  
  122  8:55  Stalker  
  122  8:56  Stalker  
Tags
 
Add a new tag
Caveats
  • Supply blocks, unpowered buildings, or Contaminate may cause inaccurate times.
  • Supply counts are checked every 10 seconds.